 Dungeon Crawl Stone Soup version 0.23-a0-650-ga4d50d4 (console) character file.

161 Duffy the Magician (level 5, 25/35 HPs)
             Began as a Demonspawn Fire Elementalist on Jan 3, 2019.
             Quit the game on level 4 of the Dungeon.
             The game lasted 00:05:05 (3758 turns).

Duffy the Magician (Demonspawn Fire Elementalist)   Turns: 3758, Time: 00:05:06

Health: 25/35      AC: 13    Str:  8    XL:     5   Next: 19%
Magic:  7/11       EV: 11    Int: 17    God:
Gold:   127        SH:  0    Dex: 14    Spells: 8/12 levels left

rFire    . . .     SeeInvis .   d - +3 mace (protect)
rCold    + . .     Gourm    .   (no shield)
rNeg     . . .     Faith    .   b - +2 leather armour {rC+}
rPois    .         Spirit   .   l - +0 helmet
rElec    .         Reflect  .   f - scarf {cloud immunity}
rCorr    +         Harm     .   (no gloves)
MR       .....                  (no boots)
Stlth    ++++......             (no amulet)
HPRegen  0.11/turn              u - ring of resist corrosion
MPRegen  0.12/turn              (no ring)

@: protection aura
A: nightstalker 2, powered by pain 1
a: no special abilities


You were on level 4 of the Dungeon.
You were not hungry.

You visited 1 branch of the dungeon, and saw 4 of its levels.

You collected 127 gold pieces.

Inventory:

Hand Weapons
 d - a +3 mace of protection (weapon)
 g - a +0 dagger
 m - a +0 short sword
Armour
 b - a +2 leather armour of cold resistance (worn)
 f - a scarf of cloud immunity (worn)
 l - a +0 helmet (worn)
Jewellery
 u - a ring of resist corrosion (left hand)
Scrolls
 a - a scroll of immolation {unknown}
 e - a scroll of magic mapping {unknown}
 h - 2 scrolls of amnesia {unknown}
 j - 2 scrolls of enchant armour {unknown}
 k - 3 scrolls of teleportation
 n - 2 scrolls of remove curse
 p - a scroll of blinking {unknown}
 r - a scroll of enchant weapon {unknown}
 s - a scroll of fog {unknown}
Potions
 i - a potion of ambrosia
 o - 3 potions of curing
 q - a potion of heal wounds
 t - a potion of flight {unknown}
Comestibles
 c - 6 rations


   Skills:
 - Level 1.7 Dodging
 - Level 1.7 Stealth
 + Level 4.2 Spellcasting
 - Level 2.8 Conjurations
 - Level 2.8 Fire Magic


You had 8 spell levels left.
You knew the following spells:

 Your Spells              Type           Power        Failure   Level  Hunger
h - Flame Tongue          Conj/Fire      ##...        7%          1    None
l - Conjure Flame         Conj/Fire      ##......     22%         3    ###....

Your spell library contained the following spells:

 Spells                   Type           Power        Failure   Level  Hunger
 Throw Flame              Conj/Fire      ##....       11%         2    ##.....
 Inner Flame              Hex/Fire       #.......     36%         3    ###....
 Sticky Flame             Conj/Fire      ##......     56%         4    ####...
 Fireball                 Conj/Fire      ##........   89%         5    ######.


Dungeon Overview and Level Annotations

Branches:
Dungeon (4/15)
 Temple: D:4-7

Altars:
Okawaru

Shops:
D:4 (

Annotations:
D:2 exclusions: adder and goblin
D:3 exclusions: orc and 2 orc wizards


Innate Abilities, Weirdness & Mutations

You are significantly more attuned to the shadows.
You sometimes gain a little power by taking damage.


Message History

The hound is moderately wounded.
The hound bites you but does no damage. The hound barely misses you.
You hit the hound but do no damage.
The hound is moderately wounded.
The hound bites you but does no damage. The hound closely misses you.
You miss the hound.
The hound is moderately wounded.
The hound barely misses you.
The hound pauses to sniff the ground.
The hound barely misses you.
You hit the hound.
The hound is severely wounded.
The hound bites you but does no damage. x3
You sock the hound!
You kill the hound!
Your Spellcasting skill increases to level 4!
You have reached level 5!
Your demonic ancestry asserts itself...
You feel energised by your suffering.
Are you sure you want to abandon this character and quit the game? (Confirm

##. ##...# ... . #....
... #.##. .. ##....##..
...###..... .>.#... .....
..#.<..## .....%##.....
##.#.....# #...@.......
...#..#.....####.........
#.....#.....#.#..........
###...# .................
##...##.#.........###...
##.............#..[# ..
#...............#.## .
#........###.#..#..##
##....[..#.#........#.


There were no monsters in sight!

Vanquished Creatures
  2 hounds (D:4)
  Robin (D:2)
  An adder (D:3)
  A worm (D:2)
  3 dart slugs
  5 leopard geckos
  3 orcs
  7 bats
  A giant cockroach (D:4)
  16 goblins
  6 hobgoblins
  2 jackals (D:3)
  2 quokkas
  3 frilled lizards
  8 kobolds
  7 rats
68 creatures vanquished.

Notes
Turn   | Place    | Note
-------+----------+-------------------------------------------
     0 | D:1      | Duffy the Demonspawn Fire Elementalist began the quest for
                  | the Orb.
     0 | D:1      | Reached XP level 1. HP: 13/13 MP: 3/3
   381 | D:1      | Gained mutation: You are slightly more attuned to the
                  | shadows. [demonic ancestry]
   381 | D:1      | Reached XP level 2. HP: 17/19 MP: 0/5
  1196 | D:2      | Reached XP level 3. HP: 24/24 MP: 3/6
  1201 | D:2      | Learned a level 3 spell: Conjure Flame
  1780 | D:2      | Noticed Robin
  1799 | D:2      | Killed Robin
  1910 | D:2      | Reached skill level 3 in Spellcasting
  2540 | D:3      | Found an iron altar of Okawaru.
  2564 | D:3      | Gained mutation: You are significantly more attuned to the
                  | shadows. [demonic ancestry]
  2564 | D:3      | Reached XP level 4. HP: 30/30 MP: 6/8
  3715 | D:4      | Found Niygugakh's Weapon Shoppe.
  3757 | D:4      | Reached skill level 4 in Spellcasting
  3757 | D:4      | Gained mutation: You sometimes gain a little power by
                  | taking damage. [demonic ancestry]
  3757 | D:4      | Reached XP level 5. HP: 25/35 MP: 7/11
  3758 | D:4      | Quit the game

Vault maps used:
D:1:      eino_arrival_tree_alley
D:2:      first_ration, uniq_robin
D:3:      okawaru_trees_1
D:4:      minmay_temple_entry_hall, serial_shops, shop,
          cheibrodos_sewer_entry_bend

Skill      XL: |  1  2  3  4 |
---------------+-------------+-----
Conjurations   | 2 |  2.8
Spellcasting   | 3 4 |  4.2
Dodging        | |  1.7
Stealth        | |  1.7
Fire Magic     | |  2.8

Action                   |  1- 3 |  4- 6 || total
-------------------------+-------+-------++-------
Melee: Dagger            |    12 |       ||    12
       Unarmed           |     7 |       ||     7
       Short sword       |    10 |       ||    10
       Mace              |    14 |    20 ||    34
 Cast: Flame Tongue      |    66 |    44 ||   110
  Use: Scroll            |     4 |     4 ||     8
  Eat: Chunk             |     6 |     3 ||     9
Armor: Leather armour    |    21 |    22 ||    43
Dodge: Dodged            |    34 |    31 ||    65

Table legend:
 A = Non-vault XP
 B = Vault XP
 C = Vault XP percentage of total XP
 D = Non-vault monster count
 E = Vault monster count
 F = Vault count percentage of total count
                 A         B        C        D         E       F
            +---------+---------+-------+---------+---------+-------
      Total |     196 |      35 |  15.2 |      56 |      12 |  17.6
            +---------+---------+-------+---------+---------+-------
        D:1 |      38 |       0 |   0.0 |      20 |       0 |   0.0
        D:2 |      17 |      35 |  67.3 |       9 |      12 |  57.1
        D:3 |      51 |       0 |   0.0 |      21 |       0 |   0.0
        D:4 |      90 |       0 |   0.0 |       6 |       0 |   0.0
            +---------+---------+-------+---------+---------+-------
